 Dungeon Crawl Stone Soup version 0.28.0-43-g3370ac3207 (webtiles) character file.

Game seed: 883563589605652475

111 tizbic2 the Grave Robber (level 4, 0/30 HPs)
             Began as a Demonspawn Necromancer on Mar 7, 2022.
             Slain by Edmund
             ... wielding a +3 dire flail of holy wrath
              (3 damage)
             ... on level 4 of the Dungeon.
             The game lasted 00:13:38 (3943 turns).

tizbic2 the Grave Robber (Demonspawn Necromancer)   Turns: 3943, Time: 00:13:39

Health: 0/30       AC:  3    Str: 10    XL:     4   Next: 62%
Magic:  1/8        EV: 12    Int: 16    God:
Gold:   66         SH:  0    Dex: 14    Spells: 1/9 levels left

rFire   + . .      SeeInvis .   c - +0 dagger
rCold   . . .      Faith    .   (no shield)
rNeg    . . .      Spirit   .   a - +1 robe
rPois   .          Reflect  .   (no helmet)
rElec   .          Harm     .   (no cloak)
rCorr   .          Rampage  .   (no gloves)
Will    .....                   (no boots)
Stlth   ++........              (no amulet)
HPRegen 0.10/turn               f - ring of protection from fire
MPRegen 0.11/turn               g - ring of wizardry

@: very slightly contaminated
A: claws 1, foul stench 1
a: no special abilities


You were on level 4 of the Dungeon.
You visited 1 branch of the dungeon, and saw 4 of its levels.

You collected 66 gold pieces.

Inventory:

Hand Weapons
 c - a +0 dagger (weapon)
 l - a +0 hand axe
Missiles
 b - 142 stones
 k - 6 poisoned darts (quivered)
Armour
 a - a +1 robe (worn)
 h - a +0 chain mail
Jewellery
 f - a ring of protection from fire (left claw)
 g - a ring of wizardry (right claw)
Wands
 m - a wand of digging (6)
Scrolls
 e - 2 scrolls of noise {unknown}
 p - a scroll of fear {unknown}
Potions
 d - 4 potions of curing {unknown}
 i - a potion of ambrosia {unknown}
 j - a potion of invisibility {unknown}
 n - a potion of flight {unknown}
 o - 2 potions of brilliance {unknown}


   Skills:
 - Level 1.7 Dodging
 - Level 1.7 Stealth
 + Level 3.0 Spellcasting
 * Level 6.0 Necromancy


You had one spell level left.
You knew the following spells:

 Your Spells              Type           Power      Damage    Failure   Level
a - Pain                  Necr           84%        1d8       1%          1
b - Vampiric Draining     Necr           21%        2d7       1%          3
c - Animate Dead          Necr           10%        N/A       6%          4

Your spell library contained the following spells:

 Spells                   Type           Power      Damage    Failure   Level
 Animate Skeleton         Necr           42%        N/A       1%          1
 Agony                    Necr           21%        N/A       16%         5
 Confusing Touch          Hex            2%         N/A       22%         3
 Yara's Violent Unravell  Hex/Tmut       1%         3d3       87%         5
 Enfeeble                 Hex            1%         N/A       100%        7


Dungeon Overview and Level Annotations

Branches:
Dungeon (4/15)
 Temple: D:4-7

Altars:
Makhleb

Annotations:
D:4 Edmund


Innate Abilities, Weirdness & Mutations

You have sharp fingernails.
You may rarely emit foul miasma when damaged in melee.


Message History

There is a stone staircase leading up here.
You open the door.
Edmund the Younger comes into view.
He is wielding a +3 dire flail of holy wrath.
There is an open door here.
Casting: Animate Dead (quite dangerous; 6% risk of failure)
Confirm with . or Enter, or press ? or * to list all spells.
Okay, then.
You throw a poisoned dart. The poisoned dart hits Edmund.
Edmund shouts!
You throw a poisoned dart.
The poisoned dart closely misses Edmund.
You throw a poisoned dart. The poisoned dart hits Edmund.
Edmund is poisoned.
You throw a poisoned dart.
The poisoned dart closely misses Edmund.
Casting: Animate Dead (quite dangerous; 6% risk of failure)
Confirm with . or Enter, or press ? or * to list all spells.
Aiming: Pain (safe; 1% risk of failure)
Press: ? - help, Shift-Dir - straight line, f/p - Edmund
Aim: Edmund, wielding a +3 dire flail of holy wrath and wearing a +0 ring mail (lightly wounded, poisoned, chance to affect: 80%) Edmund writhes in agony!
Casting: Pain (safe; 1% risk of failure)
Confirm with . or Enter, or press ? or * to list all spells.
Aiming: Vampiric Draining (safe; 1% risk of failure)
Press: ? - help, Shift-Dir - straight line, f/p - Edmund
Aim: Edmund, wielding a +3 dire flail of holy wrath and wearing a +0 ring mail (moderately wounded, poisoned)
You draw life force from Edmund!
You feel life coursing into your body.
Edmund hits you with a +3 dire flail of holy wrath!
You convulse.
Casting: Vampiric Draining (safe; 1% risk of failure)
Confirm with . or Enter, or press ? or * to list all spells.
Aiming: Vampiric Draining (safe; 1% risk of failure)
Press: ? - help, Shift-Dir - straight line, f/p - Edmund
Aim: Edmund, wielding a +3 dire flail of holy wrath and wearing a +0 ring mail (heavily wounded, poisoned)
You miscast Vampiric Draining.
You are very lightly contaminated with residual magic.
Nothing appears to happen.
Edmund hits you with a +3 dire flail of holy wrath!
* * * LOW HITPOINT WARNING * * *
You convulse.
You die...

##+#
#...##+######
#...........#
#......<....#
+..........<#
######.######
###@# #..@#
#...# #...#
#(###
...............
.............((
.....(.........
...............


You could see Edmund (poisoned).

Vanquished Creatures
  Ijyb (D:3)
  3 adders
  2 dart slugs (D:1)
  4 bats
  4 endoplasms
  2 giant cockroaches
  9 goblins
  4 hobgoblins
  2 jackals (D:1)
  5 kobolds
  3 quokkas
  6 ball pythons
  5 frilled lizards
  3 rats
53 creatures vanquished.

Notes
Turn   | Place    | Note
-------+----------+-------------------------------------------
     0 | D:1      | tizbic2 the Demonspawn Necromancer began the quest for the
                  | Orb.
     0 | D:1      | Reached XP level 1. HP: 13/13 MP: 3/3
   887 | D:1      | Gained mutation: You may rarely emit foul miasma when
                  | damaged in melee. [demonic ancestry]
   887 | D:1      | Reached XP level 2. HP: 19/19 MP: 5/5
  1309 | D:1      | Reached skill level 5 in Necromancy
  1907 | D:2      | Reached XP level 3. HP: 23/24 MP: 6/6
  3187 | D:2      | Learned a level 3 spell: Vampiric Draining
  3465 | D:3      | Gained mutation: You have sharp fingernails. [demonic
                  | ancestry]
  3465 | D:3      | Reached XP level 4. HP: 30/30 MP: 8/8
  3576 | D:3      | Learned a level 4 spell: Animate Dead
  3628 | D:3      | Noticed Ijyb
  3640 | D:3      | Killed Ijyb
  3704 | D:3      | Reached skill level 6 in Necromancy
  3787 | D:3      | Found a burning altar of Makhleb.
  3932 | D:4      | Noticed Edmund
  3943 | D:4      | Slain by Edmund

Illustrated notes

Levels and vault maps discovered:
D:1:      evilmike_arrival_rings, layout_loops_ring
D:2:      layout_basic, serial_curves, eino_curves_02, eino_curves_04,
          eino_curves_03, kennysheep_donut, st_stairs_5, grunt_decor_resistance,
          hangedman_decor_peaks_small
D:3:      layout_rooms, lemuel_doored_altar, uniq_ijyb
D:4:      layout_gridville, portal_sewer_entry_e, uniq_edmund, uniq_eustachio,
          uniq_grinder

Skill      XL: |  1  2  3  4 |
---------------+-------------+-----
Necromancy     | 5 6 |  6.0
Spellcasting   | 3 |  3.0
Dodging        | |  1.7
Stealth        | |  1.7

Action                   |  1- 3 |  4- 6 || total
-------------------------+-------+-------++-------
Melee: Dagger            |   122 |    13 ||   135
       Unarmed           |     7 |       ||     7
       Punch             |     3 |       ||     3
       Hand axe          |       |     2 ||     2
Throw: Stone             |    64 |     5 ||    69
       Dart              |     7 |     9 ||    16
 Cast: Pain              |    29 |     8 ||    37
       Vampiric Draining |     1 |     4 ||     5
       Animate Dead      |       |     1 ||     1
  Use: Scroll            |     1 |       ||     1
 Stab: Sleeping          |     2 |       ||     2
Armor: Robe              |    45 |     3 ||    48
Dodge: Dodged            |   136 |    12 ||   148
